 Dungeon Crawl Stone Soup version 0.24-a0-201-gf205589 (webtiles) character file.

Game seed: 11959278722184566454

20 Borgoz the Cutter (level 2, 0/25 HPs)
             Began as a Ghoul Gladiator on Mar 23, 2019.
             Slain by a worm (8 damage)
             ... on level 2 of the Dungeon.
             The game lasted 00:01:18 (929 turns).

Borgoz the Cutter (Ghoul Gladiator)                  Turns: 929, Time: 00:01:19

Health: 0/25       AC:  4    Str: 17    XL:     2   Next: 79%
Magic:  1/1        EV: 12    Int:  3    God:
Gold:   92         SH:  0    Dex: 10    Spells: 1/1 levels left

rFire    . . .     SeeInvis .   a - +0 rapier
rCold    + . .     Gourm    .   (no shield)
rNeg     + + +     Faith    .   b - +0 leather armour
rPois    ∞         Spirit   .   c - +0 helmet
rElec    .         Reflect  .   (no cloak)
rCorr    .         Harm     .   (no gloves)
MR       .....                  (no boots)
Stlth    +.........             (no amulet)
HPRegen  0.00/turn              (no ring)
MPRegen  0.07/turn              (no ring)

@: rotting
A: rotting body, claws 1, carnivore, cold resistance 1, negative energy
resistance 3, inhibited regeneration, torment resistance, unbreathing
a: no special abilities


You were on level 2 of the Dungeon.
You were not hungry.

You visited 1 branch of the dungeon, and saw 2 of its levels.

You collected 92 gold pieces.

Inventory:

Hand Weapons
 a - a +0 rapier (weapon)
Missiles
 d - 4 throwing nets (quivered)
 h - 13 poisoned needles
 q - 3 javelins
Armour
 b - a +0 leather armour (worn)
 c - a +0 helmet (worn)
Scrolls
 i - 2 scrolls of teleportation {unknown}
 j - 4 scrolls of remove curse {unknown}
 k - 2 scrolls of amnesia {unknown}
 l - a scroll of enchant weapon {unknown}
 m - a scroll of identify {unknown}
 o - 3 scrolls of fog {unknown}
 p - a scroll of immolation {unknown}
Potions
 e - a potion of lignification {unknown}
 n - a potion of ambrosia {unknown}
Comestibles
 f - 3 rations


   Skills:
 + Level 2.3 Fighting
 * Level 2.9 Short Blades
 + Level 1.8 Throwing
 * Level 0.8 Armour
 * Level 2.9 Dodging
 + Level 0.5 Stealth
 + Level 0.2 Spellcasting


You had one spell level left.
You didn't know any spells.
Your spell library was empty.

Dungeon Overview and Level Annotations

Branches:
Dungeon (2/15)

Altars:


Innate Abilities, Weirdness & Mutations

Your body is rotting away.
You thrive on raw meat.
You are immune to poison.
You have sharp fingernails.
You are carnivorous and can eat meat at any time.
Your flesh is cold resistant. (rC+)
You are immune to negative energy. (rN+++)
You do not regenerate when monsters are visible.
You are immune to unholy pain and torment.
You can survive without breathing.


Message History

The worm bites you.
You hit the worm.
The worm is moderately wounded.
You hit the worm.
The worm is heavily wounded.
The worm bites you!
You are too injured to fight recklessly!
You are too injured to fight recklessly!
You are too injured to fight recklessly!
You are too injured to fight recklessly!
You hit the worm.
The worm is severely wounded.
You hit the worm.
The worm is almost dead.
The frilled lizard bites you. The worm misses you.
The frilled lizard bites you.
You hit the worm but do no damage.
The worm is almost dead.
The worm bites you!
You die...

####.######.#
#...........#
#...........#
###...........#
..............#
..............# #.#
......w.......# #.#
......l@†.....# #.#
...###...####.# #.#
#...## #.# #....#
#.###### #....##
#....... #.....# .#
#<..†..# #...#.##.#
#......# #...#..#.#
##.##..#
######.#.#.##.##..#


You could see a worm and a frilled lizard.

Vanquished Creatures
  A dart slug (D:1)
  A leopard gecko (D:2)
  3 hobgoblins (D:1)
  2 jackals (D:2)
  2 bats
  A frilled lizard (D:2)
  2 goblins (D:1)
  2 kobolds (D:1)
  3 rats
17 creatures vanquished.

Notes
Turn   | Place    | Note
-------+----------+-------------------------------------------
     0 | D:1      | Borgoz the Ghoul Gladiator began the quest for the Orb.
     0 | D:1      | Reached XP level 1. HP: 17/17 MP: 0/0
   102 | D:1      | Reached XP level 2. HP: 22/24 MP: 1/1
   338 | D:1      | You fall through a shaft!
   929 | D:2      | Slain by a worm

Levels and vault maps discovered:
D:1:      minmay_arrival_solitary_statue, layout_basic
D:2:      layout_basic, first_ration

Action                   || total
-------------------------++-------
Melee: Rapier            ||    71
 Stab: Sleeping          ||     1
  Eat: Chunk             ||     2
Armor: Leather armour    ||    30
Dodge: Dodged            ||    51

Table legend:
 A = Non-vault XP
 B = Vault XP
 C = Vault XP percentage of total XP
 D = Non-vault monster count
 E = Vault monster count
 F = Vault count percentage of total count
                 A         B        C        D         E       F
            +---------+---------+-------+---------+---------+-------
      Total |      29 |       0 |   0.0 |      17 |       0 |   0.0
            +---------+---------+-------+---------+---------+-------
        D:1 |      19 |       0 |   0.0 |      11 |       0 |   0.0
        D:2 |      10 |       0 |   0.0 |       6 |       0 |   0.0
            +---------+---------+-------+---------+---------+-------
